 Dungeon Crawl Stone Soup version 0.28.0-53-g5a82cb258f (webtiles) character file.

Game seed: 13858095707442038374

10 Peloso the Covered (level 2, 23/26 HPs)
             Began as a Minotaur Fighter on Aug 19, 2022.
             Got out of the dungeon alive.
             The game lasted 00:00:55 (589 turns).

Peloso the Covered (Minotaur Fighter)                Turns: 589, Time: 00:00:56

Health: 23/26      AC:  7    Str: 20    XL:     2   Next: 10%
Magic:  1/1        EV:  9    Int:  7    God:
Gold:   61         SH:  4    Dex:  9    Spells: 1/1 levels left

rFire   . . .      SeeInvis .   a - +0 long sword
rCold   . . .      Faith    .   c - +0 buckler
rNeg    . . .      Spirit   .   b - +0 scale mail
rPois   .          Reflect  .   (helmet restricted)
rElec   .          Harm     .   (no cloak)
rCorr   .          Rampage  .   (no gloves)
Will    .....                   (no boots)
Stlth   ..........              (no amulet)
HPRegen 0.08/turn               (no ring)
MPRegen 0.07/turn               (no ring)

@: no status effects
A: horns 2, retaliatory headbutt, clever 1, no potion heal 1
a: no special abilities


You escaped.
You visited 1 branch of the dungeon, and saw 2 of its levels.

You collected 61 gold pieces.

Inventory:

Hand Weapons
 a - a +0 long sword (weapon)
Armour
 b - a +0 scale mail (worn)
 c - a +0 buckler (worn)
Scrolls
 e - a scroll of enchant weapon {unknown}
 g - a scroll of identify {unknown}
Potions
 d - 2 potions of might
 h - a potion of degeneration {unknown}


   Skills:
 + Level 3.6 Fighting
 + Level 2.6 Long Blades
 + Level 4.0 Armour
 + Level 4.0 Shields


You had one spell level left.
You didn't know any spells.
Your spell library contained the following spells:

 Spells                   Type           Power      Damage    Failure   Level
 Sublimation of Blood     Necr           0%         N/A       95%         2
 Petrify                  Tmut/Erth      0%         N/A       100%        4
 Irradiate                Conj/Tmut      0%         3d13      100%        5


Dungeon Overview and Level Annotations

Branches:
Dungeon (2/15)

Altars:


Innate Abilities, Weirdness & Mutations

You have a pair of horns on your head.
You reflexively headbutt those who attack you in melee.
Your mind is acute. (Int +2)
Potions are less effective at restoring your health.


Message History

You see here a rat corpse.
It was a potion of mutation.
You feel extremely strange.
You feel clever.
Your system partially rejects the healing effects of potions.
(D) Dungeon
Where to? (? - help)
What level of the Dungeon? (default 1, ? - help)
There is a stone staircase leading down here.
You climb downwards.
Found a leather armour, 11 gold pieces and a green potion.
Found a stone staircase leading down.
There is a stone staircase leading up here.
Sorry, I don't know how to get there.
You climb upwards.
There is a stone staircase leading down here.
(D) Dungeon
Where to? (Enter - D:9, ? - help)
You climb downwards.
There is a stone staircase leading up here.
An endoplasm comes into view.
The endoplasm quivers.
Unknown command.
The endoplasm freezes you.
You are frozen.
There is a stone staircase leading up here.
You block the endoplasm's attack.
You climb upwards.
There is a stone staircase leading down here.
You slash the endoplasm!
You kill the endoplasm!
Your Shields skill increases to level 4!
(D) Dungeon
Where to? (Enter - D:9, ? - help)
What level of the Dungeon? (default 1, ? - help)
You see here a rat corpse.
You open the door.
There is an open door here.
There is a staircase leading out of the dungeon here.
Are you sure you want to leave the Dungeon?
This will make you lose the game!
You have escaped!

.# #.#.#...###### #.# # .#
#.#.#.#.## #.########## .#
#.#.#.#..##########.#.........
.#
#.#.#.#.............#.########
.#
#.#.#.#....#####....#.####....
.#
#...#.#....#...#....#.#.....##
.#
#####.#..###.8.###..#.#.....#
.# #.#..#.......#..#.#.....# .#
#..'.8.@.8.'..#.#.....# .#
#..#.......#..#.####'## .#
#..###.8.###..#.# #.# .#
#....#...#....#.# #)# .#
#.#....#####....#.# #.#
.#######.#.............#.# #.#
.......#.#.....#####...#.# #.#
.#####.#.#####...........####.#
..## #.#.# #..####.####.....#


There were no monsters in sight!

Vanquished Creatures
  2 endoplasms (D:1)
  A goblin (D:1)
  A kobold (D:1)
  A quokka (D:1)
  A ball python (D:1)
  A frilled lizard (D:1)
  2 rats (D:1)
  A spectral goblin (D:1)
10 creatures vanquished.

Notes
Turn   | Place    | Note
-------+----------+-------------------------------------------
     0 | D:1      | Peloso the Minotaur Fighter began the quest for the Orb.
     0 | D:1      | Reached XP level 1. HP: 19/19 MP: 0/0
    24 | D:1      | Found a faded altar of an unknown god.
   526 | D:1      | Reached XP level 2. HP: 26/26 MP: 1/1
   540 | D:1      | Gained mutation: Your mind is acute. (Int +2) [potion of
                  | mutation]
   540 | D:1      | Gained mutation: Potions are less effective at restoring
                  | your health. [potion of mutation]
   589 | D:$      | Got out of the dungeon alive.

Illustrated notes

Levels and vault maps discovered:
D:1:      dpeg_arrival_simpleton_c, layout_basic,
          dreamdust_ecumenical_altar_drowned_temple, minivault_4
D:2:      cheibrodos_fertilizer, layout_basic, minmay_crystal_room, uniq_sigmund

Skill      XL: |  1  2 |
---------------+-------+-----
Armour         | 4 |  4.0
Shields        | 4 |  4.0
Fighting       | |  3.6
Long Blades    | |  2.6

Action                   || total
-------------------------++-------
Melee: Long sword        ||    23
       Headbutt          ||     1
  Use: Potion            ||     1
Armor: Scale mail        ||    10
Dodge: Dodged            ||    14
Block: Buckler           ||     8
